 Dungeon Crawl Stone Soup version 0.25.0-9-g26727b657a (webtiles) character file.

Game seed: 5221147125910912683

65 Delamore the Chopper (level 4, -3/40 HPs)
             Began as a Hill Orc Monk on June 20, 2020.
             Slain by a gnoll
             ... wielding a +0 halberd
              (7 damage)
             ... on level 2 of the Dungeon.
             The game lasted 00:01:16 (1575 turns).

Delamore the Chopper (Hill Orc Monk)                Turns: 1575, Time: 00:01:16

Health: -3/40      AC:  8    Str: 14    XL:     4   Next: 13%
Magic:  4/4        EV: 10    Int: 10    God:
Gold:   88         SH:  0    Dex: 13    Spells: 3/3 levels left

rFire    . . .     SeeInvis .   a - +0 hand axe
rCold    . . .     Gourm    .   (no shield)
rNeg     . . .     Faith    .   h - +0 scale mail
rPois    .         Spirit   .   l - +0 helmet
rElec    .         Reflect  .   (no cloak)
rCorr    .         Harm     .   k - +0 pair of gloves
MR       .....                  (no boots)
Stlth    ..........             (no amulet)
HPRegen  0.13/turn              (no ring)
MPRegen  0.09/turn              (no ring)

@: no status effects
A: no striking features
a: no special abilities


You were on level 2 of the Dungeon.
You were not hungry.

You visited 1 branch of the dungeon, and saw 2 of its levels.

You collected 88 gold pieces.

Inventory:

Hand Weapons
 a - a +0 hand axe (weapon)
Armour
 b - a +0 robe
 h - a +0 scale mail (worn)
 k - a +0 pair of gloves (worn)
 l - a +0 helmet (worn)
Jewellery
 m - a +4 ring of protection {unknown}
Scrolls
 d - 4 scrolls of teleportation {unknown}
 e - 3 scrolls of identify {unknown}
 f - a scroll of immolation {unknown}
 g - a scroll of random uselessness {unknown}
 o - a scroll of amnesia {unknown}
 p - a scroll of enchant weapon {unknown}
Potions
 i - a potion of mutation {unknown}
 j - a potion of might {unknown}
Comestibles
 c - a ration
 n - 6 chunks of flesh


   Skills:
 + Level 4.0 Fighting
 + Level 5.9 Axes
 + Level 1.1 Armour
 - Level 2.4 Dodging
 - Level 1.5 Stealth


You had 3 spell levels left.
You didn't know any spells.
Your spell library was empty.

Dungeon Overview and Level Annotations

Branches:
Dungeon (2/15)

Altars:

Annotations:
D:2 1 runed translucent door, Crazy Yiuf


Message History

The adder bites you but does no damage. The adder bites you but does no damage.
The adder closely misses you. The adder barely misses you.
There is an escape hatch in the ceiling here.
The adder bites you but does no damage.
You miss the adder.
The adder is severely wounded.
The gnoll barely misses you. The adder bites you.
You miss the adder.
The adder is severely wounded.
The gnoll hits you from afar with a +0 halberd!
* * * LOW HITPOINT WARNING * * *
The adder bites you but does no damage.
The gnoll hits you from afar with a +0 halberd.
* * * LOW HITPOINT WARNING * * *
The adder bites you but does no damage. The adder bites you.
* * * LOW HITPOINT WARNING * * *
The gnoll hits you from afar with a +0 halberd!
You die...

#...# #....# #...#
#....# #...# #....#
#...#
#.!..#####...#####
#....+......รทรท....
#....#####...#####
#.(........#######
#@gg..............
#.S.........#####.
#%.g<.......# ##
#...........# #
#####.......# #
#.......######
#.......#.....
#.......#.####
#######.#


You could see 3 gnolls and an adder.

Vanquished Creatures
  2 adders (D:2)
  An ooze (D:1)
  2 worms (D:2)
  A giant cockroach (D:1)
  2 goblins (D:1)
  4 hobgoblins
  7 jackals
  A quokka (D:2)
  2 ball pythons (D:1)
  4 bats (D:1)
  A frilled lizard (D:2)
  5 kobolds
  2 rats (D:1)
34 creatures vanquished.

Notes
Turn   | Place    | Note
-------+----------+-------------------------------------------
     0 | D:1      | Delamore the Hill Orc Monk began the quest for the Orb.
     0 | D:1      | Reached XP level 1. HP: 19/19 MP: 1/1
   233 | D:1      | Reached XP level 2. HP: 24/26 MP: 2/2
   389 | D:1      | Reached skill level 5 in Axes
   547 | D:1      | Reached XP level 3. HP: 27/31 MP: 3/3
  1157 | D:2      | Found a runed translucent door.
  1158 | D:2      | Noticed Crazy Yiuf
  1384 | D:2      | Reached skill level 1 in Armour
  1384 | D:2      | Reached XP level 4. HP: 33/40 MP: 4/4
  1575 | D:2      | Slain by a gnoll

Illustrated notes

Levels and vault maps discovered:
D:1:      wheals_arrival_shading, layout_loops_ring, minmay_cupped
D:2:      layout_basic, first_ration, uniq_crazy_yiuf_cottage

Skill      XL: |  1  2  3  4 |
---------------+-------------+-----
Axes           | 5 |  5.9
Armour         | 1 |  1.1
Fighting       | 4 |  4.0
Dodging        | |  2.4
Stealth        | |  1.5

Action                   |  1- 3 |  4- 6 || total
-------------------------+-------+-------++-------
Melee: Hand axe          |   145 |    27 ||   172
 Stab: Sleeping          |     1 |       ||     1
  Eat: Chunk             |     2 |       ||     2
Armor: Scale mail        |    63 |    17 ||    80
Dodge: Dodged            |    78 |    24 ||   102
